 Dungeon Crawl Stone Soup version 0.23-a0-494-g91793a9 (webtiles) character file.

77 JeffiDaFish the Grave Robber (level 4, 0/24 HPs)
             Began as a Deep Elf Necromancer on Dec 4, 2018.
             Killed from afar by an orc wizard (8 damage)
             ... with a magic dart
             ... on level 2 of the Dungeon.
             The game lasted 00:06:01 (2001 turns).

JeffiDaFish the Grave Robber (Deep Elf Necromancer) Turns: 2001, Time: 00:06:02

Health: 0/24       AC:  4    Str:  5    XL:     4   Next: 13%
Magic:  11/11      EV: 13    Int: 21    God:
Gold:   49         SH:  0    Dex: 15    Spells: 3/10 levels left

rFire    + + .     SeeInvis .   f - +1 dagger (speed)
rCold    . . .     Gourm    .   (no shield)
rNeg     . . .     Faith    .   a - +1 robe
rPois    .         Spirit   .   (no helmet)
rElec    .         Reflect  .   (no cloak)
rCorr    .         Harm     .   (no gloves)
MR       .....                  e - +0 pair of boots
Stlth    ++........             (no amulet)
HPRegen  0.08/turn              (no ring)
MPRegen  0.12/turn              (no ring)

@: no status effects
A: fire resistance 2, wild magic 1
a: no special abilities


You were on level 2 of the Dungeon.
You were not hungry.

You visited 1 branch of the dungeon, and saw 3 of its levels.

You collected 49 gold pieces.

Inventory:

Hand Weapons
 d - a +0 dagger
 f - a +1 dagger of speed (weapon)
Armour
 a - a +1 robe (worn)
 e - a +0 pair of boots (worn)
Comestibles
 c - 5 rations


   Skills:
 + Level 2.5 Dodging
 - Level 3.0 Stealth
 + Level 3.8 Spellcasting
 * Level 6.2 Necromancy


You had 3 spell levels left.
You knew the following spells:

 Your Spells              Type           Power        Failure   Level  Hunger
a - Pain                  Necr           ####         1%          1    None
b - Vampiric Draining     Necr           #####.....   4%          3    ###....
c - Regeneration          Chrm/Necr      ###.......   16%         3    ###....

Your spell library contained the following spells:

 Spells                   Type           Power        Failure   Level  Hunger
 Animate Skeleton         Necr           N/A          1%          1    None
 Animate Dead             Necr           N/A          14%         4    ####...


Dungeon Overview and Level Annotations

Branches:
Dungeon (3/15)

Altars:


Innate Abilities, Weirdness & Mutations

Your flesh is very heat resistant. (rF++)
Your spells are a little harder to cast, but a little more powerful.


Message History

The quokka is severely wounded.
The quokka completely misses you.
You hit the quokka.
The quokka is almost dead.
You hit the quokka.
You kill the quokka!
You hear some strange, mumbled words.
You are confused.
You see here a quokka corpse.
You're too confused to move!
Something hits you but does no damage.
You're too confused to move!
Something hits you but does no damage.
You miss something. Something hits you.
You barely miss something. You barely miss something. Something hits you.
You're too confused to move!
You feel less confused.
You hear some strange, mumbled words.
A magic dart appears from out of thin air!
The magic dart hits you!
You die...

.............#.##.# #.#
....##.......#.##.# #.#
.............#.##.# #.#
+#................### #.#
.........##.........###.#
.............>..........#
............(.#####.#####
........#.##..#.....#
..........##..†{@####
........####.##..#
....##..# #.##..#
........## #.##..#
.###.....###.....#
..#.............######
#.#..................#
..#.............###.##
................# #.#


There were no monsters in sight!

Vanquished Creatures
  A hound skeleton (D:2)
  An adder (D:2)
  An ooze (D:2)
  A worm (D:2)
  4 leopard geckos
  4 bats
  A giant cockroach (D:1)
  5 goblins
  6 hobgoblins
  6 jackals
  3 kobolds (D:2)
  A quokka (D:2)
  3 frilled lizards
  A leopard gecko skeleton (D:2)
  4 rats
42 creatures vanquished.

Notes
Turn   | Place    | Note
-------+----------+-------------------------------------------
     0 | D:1      | JeffiDaFish the Deep Elf Necromancer began the quest for
                  | the Orb.
     0 | D:1      | Reached XP level 1. HP: 10/10 MP: 6/6
   166 | D:1      | Reached skill level 5 in Necromancy
   182 | D:1      | Reached XP level 2. HP: 11/15 MP: 1/8
   521 | D:1      | Gained mutation: Your spells are a little harder to cast,
                  | but a little more powerful. [potion of mutation]
   521 | D:1      | Gained mutation: Your flesh is heat resistant. (rF+)
                  | [potion of mutation]
   521 | D:1      | Gained mutation: Your flesh is very heat resistant. (rF++)
                  | [potion of mutation]
  1158 | D:2      | Reached XP level 3. HP: 16/19 MP: 6/10
  1192 | D:2      | Learned a level 3 spell: Vampiric Draining
  1196 | D:2      | Learned a level 3 spell: Regeneration
  1278 | D:2      | Reached skill level 6 in Necromancy
  1465 | D:2      | Reached XP level 4. HP: 12/24 MP: 2/11
  2001 | D:2      | Killed from afar by an orc wizard

Vault maps used:
D:1:      psy_arrival_radial01
D:3:      first_ration, nemelex_spade_bored_becter

Skill      XL: |  1  2  3 |
---------------+----------+-----
Necromancy     | 5 6 |  6.2
Stealth        | 3 |  3.0
Dodging        | |  2.5
Spellcasting   | |  3.8

Action                   |  1- 3 |  4- 6 || total
-------------------------+-------+-------++-------
Melee: Unarmed           |     3 |       ||     3
       Dagger            |    29 |    23 ||    52
 Cast: Pain              |    51 |     6 ||    57
       Regeneration      |     1 |       ||     1
  Use: Potion            |     4 |       ||     4
       Scroll            |     5 |       ||     5
 Stab: Sleeping          |     1 |     1 ||     2
  Eat: Chunk             |     2 |     1 ||     3
Armor: Robe              |    10 |     4 ||    14
Dodge: Dodged            |    25 |    10 ||    35

Table legend:
 A = Non-vault XP
 B = Vault XP
 C = Vault XP percentage of total XP
 D = Non-vault monster count
 E = Vault monster count
 F = Vault count percentage of total count
                 A         B        C        D         E       F
            +---------+---------+-------+---------+---------+-------
      Total |     110 |       0 |   0.0 |      42 |       0 |   0.0
            +---------+---------+-------+---------+---------+-------
        D:1 |      32 |       0 |   0.0 |      17 |       0 |   0.0
        D:2 |      78 |       0 |   0.0 |      25 |       0 |   0.0
            +---------+---------+-------+---------+---------+-------
